TOP OF THE 1ST |
Spokane Trappers batting - Pitching for Santa Monica Bruins : LHP Takao Uchida
|
Pitching: LHP Takao Uchida
|
|
Batting: RHB Tomás Carranza
|
0-0: Called Strike 0-1: Ball 1-1: SINGLE (Line Drive, 56D)
|
Batting: LHB Rusty Herbert
|
0-0: Swinging Strike 0-1: Swinging Strike 0-2: Strikes out swinging
|
Batting: RHB Ramiro Ross
|
0-0: Called Strike 0-1: Ball Tomás Carranza steals 2nd base 1-1: Called Strike 1-2: Ball 2-2: Foul Ball, location: 2F 2-2: Ball 3-2: Base on Balls
|
Batting: SHB Nick Cox
|
0-0: Swinging Strike 0-1: Ball 1-1: Swinging Strike 1-2: Foul Ball, location: 2F 1-2: Strikes out looking
|
Batting: LHB Héctor Rentería
|
0-0: Called Strike 0-1: Called Strike 0-2: Ball 1-2: Ball 2-2: Foul Ball, location: 2F 2-2: SINGLE (Groundball, 56S) (infield hit) Tomás Carranza to third Ramiro Ross to second
|
Pinch Runner at 1st Glenn Vadnais:
|
|
Batting: RHB Dani Rodríguez
|
0-0: Fly out, F4 (Popup, 34S)
|
Top of the 1st over - 0 run(s), 2 hit(s), 0 error(s), 3 left on base; Spokane 0 - Santa Monica 0 |
BOTTOM OF THE 1ST |
Santa Monica Bruins batting - Pitching for Spokane Trappers : RHP Bud Baldwin
|
Pitching: RHP Bud Baldwin
|
|
Now in RF: Glenn Vadnais
|
|
Batting: RHB António López
|
0-0: Bunted foul 0-1: Swinging Strike 0-2: Ground out 4-3 (Groundball, 4)
|
Batting: LHB Ray Bryant
|
0-0: Ball 1-0: Ball 2-0: Called Strike 2-1: SOLO HOME RUN (Flyball, 9D), Distance : 420 ft
|
Batting: RHB Alfredo López
|
0-0: Ball 1-0: Ball 2-0: Ball 3-0: Called Strike 3-1: Base on Balls
|
Batting: LHB Noriaki Sangi
|
0-0: Called Strike 0-1: Called Strike 0-2: Ball 1-2: Fly out, F7 (Flyball, 7S)
|
Batting: RHB Griswold Coleman
|
0-0: Ball 1-0: SINGLE (Groundball, 6D) Alfredo López to second
|
Batting: LHB Jeffrey Satterley
|
0-0: Called Strike 0-1: Ball 1-1: Ball 2-1: Ball 3-1: Foul Ball, location: 2F 3-2: Foul Ball, location: 2F 3-2: Strikes out swinging
|
Bottom of the 1st over - 1 run(s), 2 hit(s), 0 error(s), 2 left on base; Spokane 0 - Santa Monica 1 |
TOP OF THE 2ND |
Spokane Trappers batting - Pitching for Santa Monica Bruins : LHP Takao Uchida
|
Batting: LHB José Berroa
|
0-0: Foul Ball, location: 2F 0-1: Ground out 3-1 (Groundball, 34)
|
Batting: RHB Alejandro Ramos
|
0-0: Ball 1-0: Ball 2-0: Ball 3-0: Base on Balls
|
Batting: LHB Juan Viera
|
0-0: Ball 1-0: Foul Ball, location: 2F 1-1: Grounds into double play, 4-6-3 (Groundball, 4)
|
Top of the 2nd over - 0 run(s), 0 hit(s), 0 error(s), 0 left on base; Spokane 0 - Santa Monica 1 |
BOTTOM OF THE 2ND |
Santa Monica Bruins batting - Pitching for Spokane Trappers : RHP Bud Baldwin
|
Batting: RHB Luis Martínez
|
0-0: Swinging Strike 0-1: Foul Ball, location: 2F 0-2: SINGLE (Line Drive, 6MD)
|
Batting: SHB Ken Hernández
|
0-0: Ball 1-0: Ball 2-0: Called Strike 2-1: Fly out, F8 (Flyball, 89D)
|
Batting: LHB Greg Schultz
|
0-0: Called Strike 0-1: Swinging Strike 0-2: Strikes out swinging
|
Batting: RHB António López
|
0-0: Fly out, F9 (Flyball, 9LM)
|
Bottom of the 2nd over - 0 run(s), 1 hit(s), 0 error(s), 1 left on base; Spokane 0 - Santa Monica 1 |
TOP OF THE 3RD |
Spokane Trappers batting - Pitching for Santa Monica Bruins : LHP Takao Uchida
|
Batting: RHB Tomás Carranza
|
0-0: Ground out 5-3 (Groundball, 56)
|
Batting: LHB Rusty Herbert
|
0-0: Ball 1-0: Swinging Strike 1-1: Fly out, F7 (Line Drive, 7S)
|
Batting: RHB Ramiro Ross
|
0-0: Called Strike 0-1: Fly out, F6 (Popup, 56)
|
Top of the 3rd over - 0 run(s), 0 hit(s), 0 error(s), 0 left on base; Spokane 0 - Santa Monica 1 |
BOTTOM OF THE 3RD |
Santa Monica Bruins batting - Pitching for Spokane Trappers : RHP Bud Baldwin
|
Batting: LHB Ray Bryant
|
0-0: Ball 1-0: Called Strike 1-1: Foul Ball, location: 2F 1-2: Strikes out swinging
|
Batting: RHB Alfredo López
|
0-0: Ball 1-0: Fly out, F8 (Flyball, 8RS)
|
Batting: LHB Noriaki Sangi
|
0-0: Foul Ball, location: 2F 0-1: Ball 1-1: Foul Ball, location: 2F 1-2: SINGLE (Groundball, 6MD)
|
Batting: RHB Griswold Coleman
|
0-0: Foul Ball, location: 2F 0-1: Called Strike 0-2: Strikes out swinging
|
Bottom of the 3rd over - 0 run(s), 1 hit(s), 0 error(s), 1 left on base; Spokane 0 - Santa Monica 1 |
TOP OF THE 4TH |
Spokane Trappers batting - Pitching for Santa Monica Bruins : LHP Takao Uchida
|
Batting: SHB Nick Cox
|
0-0: Ball 1-0: Called Strike 1-1: Ball 2-1: Ball 3-1: SOLO HOME RUN (Flyball, 89XD), Distance : 400 ft
|
Batting: SHB Glenn Vadnais
|
0-0: DOUBLE (Line Drive, 7LM)
|
Batting: RHB Dani Rodríguez
|
0-0: Ball 1-0: Foul Ball, location: 2F 1-1: Foul Ball, location: 2F 1-2: Fly out, F8 (Line Drive, 8LD) Runner from 2nd tags up, SAFE at 3rd, no throw
|
Batting: LHB José Berroa
|
0-0: Intentional Walk
|
Batting: RHB Alejandro Ramos
|
0-0: Ball 1-0: Ball 2-0: Ball 3-0: Called Strike 3-1: Swinging Strike 3-2: Foul Ball, location: 2F 3-2: Base on Balls José Berroa to second
|
Batting: LHB Juan Viera
|
0-0: Ball 1-0: Ball 2-0: Swinging Strike 2-1: Ball 3-1: Base on Balls Glenn Vadnais scores José Berroa to third Alejandro Ramos to second
|
Batting: RHB Tomás Carranza
|
0-0: Called Strike 0-1: Ball 1-1: Foul Ball, location: 2F 1-2: Ball 2-2: Strikes out looking
|
Batting: LHB Rusty Herbert
|
0-0: Ball 1-0: Ball 2-0: Called Strike 2-1: Foul Ball, location: 2F 2-2: Strikes out looking
|
Top of the 4th over - 2 run(s), 2 hit(s), 0 error(s), 3 left on base; Spokane 2 - Santa Monica 1 |
BOTTOM OF THE 4TH |
Santa Monica Bruins batting - Pitching for Spokane Trappers : RHP Bud Baldwin
|
Batting: LHB Jeffrey Satterley
|
0-0: Called Strike 0-1: Ground out 6-3 (Groundball, 56)
|
Batting: RHB Luis Martínez
|
0-0: Ball 1-0: Ball 2-0: Foul Ball, location: 2F 2-1: Foul Ball, location: 2F 2-2: Ball 3-2: Base on Balls
|
Batting: SHB Ken Hernández
|
0-0: Swinging Strike 0-1: Foul Ball, location: 2F 0-2: SINGLE (Flyball, 8LS) Luis Martínez to second
|
Batting: LHB Greg Schultz
|
0-0: Fly out, F9 (Line Drive, 9LD) Runner from 2nd tags up, SAFE at 3rd, no throw
|
Batting: RHB António López
|
0-0: Ball 1-0: Foul Ball, location: 2F 1-1: Called Strike 1-2: Ball 2-2: SINGLE (Groundball, 34D) Luis Martínez scores Ken Hernández to second Runner from 2nd tries for 3rd, SAFE, throw made to third
|
Batting: LHB Ray Bryant
|
0-0: Called Strike 0-1: Ball 1-1: SINGLE (Flyball, 89S) Ken Hernández scores António López to second Runner from 2nd tries for 3rd, SAFE, no throw
|
Batting: RHB Alfredo López
|
0-0: Ball 1-0: Ball 2-0: Ball 3-0: Called Strike 3-1: Base on Balls Ray Bryant to second
|
Batting: LHB Noriaki Sangi
|
0-0: Ball 1-0: Ball 2-0: Ball 3-0: Base on Balls António López scores Ray Bryant to third Alfredo López to second
|
Batting: RHB Griswold Coleman
|
0-0: Called Strike 0-1: Foul Ball, location: 2F 0-2: Ball 1-2: Foul Ball, location: 2F 1-2: Fly out, F5 (Line Drive, 5)
|
Bottom of the 4th over - 3 run(s), 3 hit(s), 0 error(s), 3 left on base; Spokane 2 - Santa Monica 4 |
TOP OF THE 5TH |
Spokane Trappers batting - Pitching for Santa Monica Bruins : LHP Takao Uchida
|
Batting: RHB Ramiro Ross
|
0-0: Ball 1-0: Swinging Strike 1-1: Foul Ball, location: 2F 1-2: Ball 2-2: Strikes out swinging
|
Batting: SHB Nick Cox
|
0-0: Ball 1-0: Fly out, F9 (Flyball, 9S)
|
Batting: SHB Glenn Vadnais
|
0-0: Called Strike 0-1: Foul Ball, location: 2F 0-2: Foul Ball, location: 2F 0-2: Strikes out swinging
|
Top of the 5th over - 0 run(s), 0 hit(s), 0 error(s), 0 left on base; Spokane 2 - Santa Monica 4 |
BOTTOM OF THE 5TH |
Santa Monica Bruins batting - Pitching for Spokane Trappers : RHP Bud Baldwin
|
Batting: LHB Jeffrey Satterley
|
0-0: Called Strike 0-1: Ball 1-1: Swinging Strike 1-2: Ball 2-2: SINGLE (Flyball, 8RS)
|
Batting: RHB Luis Martínez
|
0-0: Called Strike Jeffrey Satterley is caught stealing 2nd base 0-1: SINGLE (Groundball, 6MD)
|
Batting: SHB Ken Hernández
|
0-0: Ground out 4-3 (Groundball, 34) Luis Martínez to second
|
Batting: LHB Greg Schultz
|
0-0: Foul Ball, location: 2F 0-1: Ball 1-1: Swinging Strike 1-2: Ball 2-2: Ball 3-2: Foul Ball, location: 2F 3-2: Base on Balls
|
Batting: RHB António López
|
0-0: Ball 1-0: Called Strike 1-1: Ground out 5-3 (Groundball, 56S)
|
Bottom of the 5th over - 0 run(s), 2 hit(s), 0 error(s), 2 left on base; Spokane 2 - Santa Monica 4 |
TOP OF THE 6TH |
Spokane Trappers batting - Pitching for Santa Monica Bruins : LHP Takao Uchida
|
Batting: RHB Dani Rodríguez
|
0-0: Called Strike 0-1: Foul Ball, location: 2F 0-2: Foul Ball, location: 2F 0-2: Foul Ball, location: 2F 0-2: Strikes out looking
|
Batting: LHB José Berroa
|
0-0: SINGLE (Line Drive, 8LS)
|
Batting: RHB Alejandro Ramos
|
0-0: Ball 1-0: Foul Ball, location: 2F 1-1: 2-RUN HOME RUN (Flyball, 78XD), Distance : 422 ft
|
Pitching: RHP Jorge Hernández
|
|
Batting: LHB Juan Viera
|
0-0: Ball 1-0: Ground out 3-1 (Groundball, 34)
|
Batting: RHB Tomás Carranza
|
0-0: Ball 1-0: Ground out 1-3 (Groundball, P)
|
Top of the 6th over - 2 run(s), 2 hit(s), 0 error(s), 0 left on base; Spokane 4 - Santa Monica 4 |
BOTTOM OF THE 6TH |
Santa Monica Bruins batting - Pitching for Spokane Trappers : RHP Bud Baldwin
|
Pitching: RHP José Navarro
|
|
Batting: LHB Ray Bryant
|
0-0: Foul Ball, location: 2F 0-1: Foul Ball, location: 2F 0-2: Foul Ball, location: 2F 0-2: DOUBLE (Line Drive, 78M)
|
Batting: RHB Alfredo López
|
0-0: Ball 1-0: Ball 2-0: Ball 3-0: Swinging Strike 3-1: Foul Ball, location: 2F 3-2: Strikes out swinging
|
Batting: LHB Noriaki Sangi
|
0-0: Intentional Walk
|
Batting: RHB Griswold Coleman
|
0-0: Fly out, F9 (Flyball, 89S)
|
Batting: LHB Jeffrey Satterley
|
0-0: Ball 1-0: Called Strike 1-1: Called Strike 1-2: Ball 2-2: Ball 3-2: Strikes out swinging
|
Bottom of the 6th over - 0 run(s), 1 hit(s), 0 error(s), 2 left on base; Spokane 4 - Santa Monica 4 |
TOP OF THE 7TH |
Spokane Trappers batting - Pitching for Santa Monica Bruins : RHP Jorge Hernández
|
Batting: LHB Rusty Herbert
|
0-0: Called Strike 0-1: SINGLE (Groundball, 4MD)
|
Pinch Hitting: LHB Colin Ives
|
0-0: Called Strike Pickoff Throw to First - Out! 0-1: Ball 1-1: Foul Ball, location: 2F 1-2: Fly out, F9 (Flyball, 89M)
|
Batting: SHB Nick Cox
|
0-0: Called Strike 0-1: Foul Ball, location: 2F 0-2: Ball 1-2: Ball 2-2: Foul Ball, location: 2F 2-2: Ball 3-2: Foul Ball, location: 2F 3-2: Strikes out looking
|
Top of the 7th over - 0 run(s), 1 hit(s), 0 error(s), 0 left on base; Spokane 4 - Santa Monica 4 |
BOTTOM OF THE 7TH |
Santa Monica Bruins batting - Pitching for Spokane Trappers : RHP José Navarro
|
Now at 1B: Toru Nakanishi
|
|
Batting: RHB Luis Martínez
|
0-0: SINGLE (Groundball, 6MD)
|
Pinch Hitting: LHB Morgan Wright
|
0-0: Foul Ball, location: 2F 0-1: Sac Bunt - play at first, batter OUT! 3-4 Luis Martínez to second
|
Batting: LHB Greg Schultz
|
0-0: Intentional Walk
|
Pinch Hitting: RHB Phil White
|
0-0: Foul Ball, location: 2F 0-1: Called Strike 0-2: Ball 1-2: Ball 2-2: Fly out, F7 (Flyball, 7)
|
Pitching: LHP Pedro Mata
|
|
Pinch Hitting: RHB Pablo Peña
|
0-0: Ball 1-0: Called Strike 1-1: Swinging Strike 1-2: SINGLE (Line Drive, 56) Luis Martínez to third Greg Schultz to second
|
Batting: RHB Alfredo López
|
0-0: Ball 1-0: Ball 2-0: Foul Ball, location: 2F 2-1: Foul Ball, location: 2F 2-2: Ball 3-2: Foul Ball, location: 2F 3-2: Base on Balls Luis Martínez scores Greg Schultz to third Pablo Peña to second
|
Pitching: RHP Ching-wei Zi
|
|
Batting: LHB Noriaki Sangi
|
0-0: Fly out, F7 (Flyball, 7)
|
Bottom of the 7th over - 1 run(s), 2 hit(s), 0 error(s), 3 left on base; Spokane 4 - Santa Monica 5 |
TOP OF THE 8TH |
Spokane Trappers batting - Pitching for Santa Monica Bruins : RHP Jorge Hernández
|
Now at 3B: Felipe Cruz
|
|
Now at SS: Adrián Nieto
|
|
Now in LF: Francisco Castillo
|
|
Now in RF: Phil White
|
|
Batting: SHB Glenn Vadnais
|
0-0: Ground out 6-3 (Groundball, 56)
|
Pitching: RHP Doug Singleton
|
|
Batting: RHB Dani Rodríguez
|
0-0: Ball 1-0: Ball 2-0: Swinging Strike 2-1: Swinging Strike 2-2: Foul Ball, location: 2F 2-2: Strikes out swinging
|
Batting: LHB José Berroa
|
0-0: Foul Ball, location: 2F 0-1: Ball 1-1: Swinging Strike 1-2: Foul Ball, location: 2F 1-2: Strikes out looking
|
Top of the 8th over - 0 run(s), 0 hit(s), 0 error(s), 0 left on base; Spokane 4 - Santa Monica 5 |
BOTTOM OF THE 8TH |
Santa Monica Bruins batting - Pitching for Spokane Trappers : RHP Ching-wei Zi
|
Batting: RHB Griswold Coleman
|
0-0: Called Strike 0-1: Foul Ball, location: 2F 0-2: Reached on error, E5 (Groundball, 56)
|
Batting: RHB Francisco Castillo
|
0-0: Sac Bunt - play at second, runner OUT! 1-6
|
Batting: RHB Luis Martínez
|
0-0: Ball 1-0: Ball 2-0: Fly out, F9 (Flyball, 9S)
|
Batting: SHB Adrián Nieto
|
0-0: Fly out, F7 (Flyball, 7)
|
Bottom of the 8th over - 0 run(s), 0 hit(s), 1 error(s), 1 left on base; Spokane 4 - Santa Monica 5 |
TOP OF THE 9TH |
Spokane Trappers batting - Pitching for Santa Monica Bruins : RHP Doug Singleton
|
Pitching: RHP Dave Riley
|
|
Pinch Hitting: RHB José Gómez
|
0-0: Ball 1-0: SINGLE (Groundball, 34D)
|
Batting: LHB Juan Viera
|
0-0: Sac Bunt - play at first, batter OUT! 2-4 José Gómez to second
|
Batting: RHB Tomás Carranza
|
0-0: Ball 1-0: Swinging Strike 1-1: Swinging Strike 1-2: Strikes out swinging
|
Batting: LHB Rusty Herbert
|
0-0: Ball 1-0: Foul Ball, location: 2F 1-1: Ball 2-1: Foul Ball, location: 2F 2-2: Strikes out swinging
|
Top of the 9th over - 0 run(s), 1 hit(s), 0 error(s), 1 left on base; Spokane 4 - Santa Monica 5 |
|